 Dungeon Crawl Stone Soup version 0.21.1-1-g345015f (webtiles) character file.

92 mrmercer the Gusty (level 4, -4/29 HPs)
             Began as a Draconian Air Elementalist on June 30, 2018.
             Killed by divine providence
             ... invoked by an orc priest
              (10 damage)
             ... on level 3 of the Dungeon on July 1, 2018.
             The game lasted 00:20:45 (2211 turns).

mrmercer the Gusty (Draconian Air Elementalist)     Turns: 2211, Time: 00:20:47

Health: -4/29      AC:  6    Str: 10    XL:     4   Next: 35%
Magic:  0/7        EV: 12    Int: 16    God:
Gold:   62         SH:  0    Dex: 12    Spells: 4/8 levels left

rFire    + . .     SeeInvis .   h - +2 dagger (drain)
rCold    . . .     Gourm    .   (no shield)
rNeg     . . .     Faith    .   (armour unavailable)
rPois    .         Spirit   .   (helmet restricted)
rElec    .         Reflect  .   (no cloak)
rCorr    .         Harm     .   k - +0 pair of gloves
MR       .....                  (no boots)
Stlth    ++........             (no amulet)
HPRegen  0.09/turn              (no ring)
MPRegen  0.10/turn              (no ring)

@: very slightly contaminated
A: unfitting armour, fire resistance 1, frail 1, cold-blooded, AC +5
a: no special abilities


You were on level 3 of the Dungeon.
You were not hungry.

You visited 1 branch of the dungeon, and saw 3 of its levels.

You collected 62 gold pieces.

Inventory:

Hand Weapons
 c - a +0 whip
 h - a +2 dagger of draining (weapon)
Armour
 k - a +0 pair of gloves (worn)
Scrolls
 d - 4 scrolls of identify
 e - 2 scrolls of remove curse
 f - a scroll of random uselessness
 m - a scroll of noise
 n - a scroll of teleportation
Books
 a - a book of Air

   Spells                             Type                      Level
   a - Shock                          Conjuration/Air              1
   b - Swiftness                      Charms/Air                   2
   c - Static Discharge               Conjuration/Air              3
   d - Airstrike                      Air                          4
   e - Lightning Bolt                 Conjuration/Air              5
Comestibles
 b - a ration


   Skills:
 + Level 0.8 Short Blades
 + Level 0.2 Maces & Flails
 + Level 2.2 Dodging
 + Level 2.0 Stealth
 + Level 0.3 Unarmed Combat
 + Level 2.6 Spellcasting
 + Level 1.9 Conjurations
 + Level 3.7 Air Magic


You had 4 spell levels left.
You knew the following spells:

 Your Spells              Type           Power        Failure   Level  Hunger
a - Shock                 Conj/Air       ##..         6%          1    #......
b - Static Discharge      Conj/Air       ##......     19%         3    ###....


Dungeon Overview and Level Annotations

Branches:
Dungeon (3/15)

Altars:
Ashenzari


Innate Abilities, Weirdness & Mutations

Your plain brown scales are hard. (AC +5)
You cannot fit into any form of body armour.
You are cold-blooded and may be slowed by cold attacks.
Your flesh is heat resistant. (rF+)
You are frail. (-10% HP)


Message History

Blink to where?
Press: ? - help, Dir - move target cursor
As you read the scroll of blinking, it crumbles to dust.
You open the door.
There is an open door here.
Casting: Static Discharge
Confirm with . or Enter, or press ? or * to list all spells.
You don't have enough magic to cast that spell.
Casting: Static Discharge
Confirm with . or Enter, or press ? or * to list all spells.
Aiming: Shock
Press: ? - help, Shift-Dir - straight line, f - orc priest
Aim: an orc priest, wielding a falchion of holy wrath (severely wounded)
The zap hits the orc priest.
The orc priest is almost dead.
The zap hits the orc.
The orc is heavily wounded.
The orc priest calls down the wrath of Beogh upon you.
Beogh smites you!
You die...

#.#........#............#
#.#........#............
#.'........#.....(.....#
###........#.....$.....#
####.(...#..........#
###'#.#..o.......#
#.#.###o#####..# #.#.#
#.# #..# #.#.# #@# ##...#
#.#.# #.# #### #.#.. #.#
#.##. #.# #.# #.# #.# ..#
#.# ### #.# #.######


You could see an orc priest and an orc.

Vanquished Creatures
  Jessica (D:2)
  2 adders (D:3)
  2 worms (D:2)
  A dart slug (D:1)
  An orc (D:2)
  4 giant cockroaches
  3 goblins
  2 hobgoblins
  3 jackals (D:1)
  A quokka (D:3)
  6 bats
  8 kobolds
  5 rats
39 creatures vanquished.

Notes
Turn   | Place    | Note
-------+----------+-------------------------------------------
     0 | D:1      | mrmercer the Draconian Air Elementalist began the quest for the Orb.
     0 | D:1      | Reached XP level 1. HP: 14/14 MP: 3/3
   353 | D:1      | Reached XP level 2. HP: 20/20 MP: 1/5
  1125 | D:2      | Reached XP level 3. HP: 26/26 MP: 0/6
  1337 | D:2      | Found a shattered altar of Ashenzari.
  2046 | D:2      | Noticed Jessica
  2053 | D:2      | Killed Jessica
  2053 | D:2      | Reached XP level 4. HP: 33/33 MP: 1/7
  2056 | D:2      | Gained mutation: You are frail. (-10% HP) [potion of mutation]
  2056 | D:2      | Gained mutation: Your flesh is heat resistant. (rF+) [potion of mutation]
  2161 | D:3      | Learned a level 3 spell: Static Discharge
  2211 | D:3      | Killed from afar by an orc priest

Skill      XL: |  1  2  3  4 |
---------------+-------------+-----
Dodging        | 2 |  2.2
Stealth        | 2 |  2.0
Short Blades   | |  0.8
Maces & Flails | |  0.2
Unarmed Combat | |  0.3
Spellcasting   | |  2.6
Conjurations   | |  1.9
Air Magic      | |  3.7

Action                   |  1- 3 |  4- 6 || total
-------------------------+-------+-------++-------
Melee: Unarmed           |    16 |       ||    16
       Tailslap          |     5 |       ||     5
       Whip              |     7 |       ||     7
       Dagger            |    13 |     1 ||    14
 Cast: Shock             |    91 |    12 ||   103
       Static Discharge  |       |     2 ||     2
  Use: Scroll            |     2 |     6 ||     8
       Potion            |     1 |     2 ||     3
  Eat: Chunk             |     1 |       ||     1
       Ration            |     1 |     1 ||     2
Armor: Skin              |    22 |     1 ||    23
Dodge: Dodged            |    20 |     4 ||    24
